 Dungeon Crawl Stone Soup version 0.19.1-1-g22dce08 (webtiles) character file.

405071 Angani the Bringer of Life (level 23, -18/128 HPs)
             Began as a Vine Stalker Assassin on Jan 1, 2017.
             Was the Champion of Elyvilon.
             Killed from afar by a spriggan air mage (25 damage)
             ... with a bolt of lightning
             ... on level 5 of the Depths on Jan 2, 2017.
             The game lasted 04:26:04 (48349 turns).

Angani the Bringer of Life (Vine Stalker Assassin) Turns: 48349, Time: 04:26:05

Health: -18/128    AC: 40    Str: 17    XL:     23   Next: 38%
Magic:  0/36       EV: 16    Int: 11    God:    Elyvilon [******]
Gold:   1786       SH:  4    Dex: 21    Spells: 0 memorised, 22 levels left

rFire  + + .     SeeInvis +     P - +9 triple sword (flame)
rCold  + . .     Gourm    .     Q - +4 crystal plate armour {rC+}
rNeg   . . .     Faith    +     (shield currently unavailable)
rPois  +         Spirit   +     z - +2 hat of Kolepe {rF++ Dex-4}
rElec  .         Reflect  .     M - +2 cloak {rPois}
rCorr  .         Harm     .     d - +3 pair of gauntlets of War {Slay+5}
MR     ++...                    X - +2 pair of boots {run}
Stlth  ..........               R - amulet of faith
                                f - ring "Vikkuiv" {+Blink EV+5}
                                Y - ring of Cemoy {+Inv +Fly Str+4}

@: about to teleport, quick
A: fangs 3, horns 1, large bone plates 1, see invisible, sense surroundings 1,
regeneration 2, weak 1, wild magic 1, magic shield, antimagic bite, no device
heal 3, rot immunity, sturdy frame 1
a: Lesser Healing, Heal Other, Purification, Greater Healing, Divine Vigour,
Divine Protection, Renounce Religion, Evoke Blink, Evoke Invisibility, Evoke
Flight
}: 2/15 runes: barnacled, gossamer


You were on level 5 of the Depths.
You worshipped Elyvilon.
Elyvilon was exalted by your worship.
You were not hungry.

You visited 8 branches of the dungeon, and saw 41 of its levels.
You visited 1 bazaar.
You also visited: Ice Cave and Volcano.

You collected 4303 gold pieces.
You spent 2517 gold pieces at shops.

Inventory:

Hand Weapons
 P - a +9 triple sword of flaming (weapon)
Missiles
 m - 3 curare-tipped needles
Armour
 d - the +3 pair of gauntlets of War (worn) {Slay+5}
   (You found it in an ice cave)

   It affects your accuracy and damage with ranged weapons and melee attacks
   (+5).
 z - the +2 hat of Kolepe (worn) {rF++ Dex-4}
   (You found it in a volcano)

   It affects your dexterity (-4).
   It greatly protects you from fire.
 M - a +2 cloak of poison resistance (worn)
 Q - a +4 crystal plate armour of cold resistance (worn)
 X - a +2 pair of boots of running (worn)
Jewellery
 c - an uncursed ring of protection from cold
 f - the ring "Vikkuiv" (right hand) {+Blink EV+5}
   (You acquired it on level 3 of the Depths)

   [ring of evasion]

   It affects your evasion (+5).
   It lets you blink.
 o - an uncursed ring of resist corrosion
 x - an uncursed ring of positive energy
 y - an uncursed ring of positive energy
 L - an uncursed ring of poison resistance {unknown}
 R - an amulet of faith (around neck)
 T - the ring of Xatomp {+Blink Dex+7 SInv Stlth-}
   (You bought it in a shop in a bazaar)

   [ring of loudness]

   It affects your dexterity (+7).
   It lets you see invisible.
   It lets you blink.
   It makes you less stealthy.
 Y - the ring of Cemoy (left hand) {+Inv +Fly Str+4}
   (You acquired it on level 15 of the Dungeon)

   [ring of flight]

   It affects your strength (+4).
   It lets you turn invisible.
   It lets you fly.
 Z - an uncursed ring of magical power
Wands
 a - a wand of teleportation (4/9)
 v - a wand of digging (9/24)
 D - a wand of teleportation (7/9)
 N - a wand of paralysis (10/24)
Scrolls
 b - 2 scrolls of blinking
 i - 8 scrolls of immolation
 n - 22 scrolls of remove curse
 p - 4 scrolls of fear
 q - 3 scrolls of enchant weapon
 w - 7 scrolls of amnesia
 A - 5 scrolls of recharging
 F - 10 scrolls of teleportation
 G - a scroll of brand weapon
 J - 4 scrolls of magic mapping
 K - a scroll of holy word
 U - 4 scrolls of fog
Potions
 e - 2 potions of cure mutation
 g - a potion of haste
 j - 6 potions of brilliance
 k - 2 potions of resistance
 l - 3 potions of berserk rage
 r - 3 potions of might
 s - 5 potions of invisibility
 t - 6 potions of magic
 u - 3 potions of cancellation
 B - 10 potions of lignification
 C - 18 potions of curing
 I - 4 potions of flight
 O - 2 potions of agility
 W - 8 potions of ambrosia
Miscellaneous
 E - a box of beasts
Comestibles
 h - 22 meat rations


   Skills:
 + Level 16.2 Fighting
   Level 10.1(14.6) Short Blades
 - Level 17.0(17.9) Long Blades
 - Level 1.7 Throwing
 - Level 14.1 Armour
 - Level 14.0 Dodging
 - Level 11.0 Stealth
 - Level 17.1 Invocations
 - Level 10.0 Evocations


You had 22 spell levels left.
You didn't know any spells.

Dungeon Overview and Level Annotations

Branches:
Dungeon (15/15)            Temple (1/1) D:7            Lair (6/6) D:9
 Shoals (4/4) Lair:3       Spider (4/4) Lair:2        Slime (0/5) Lair:5
    Orc (2/2) D:12            Elf (0/3) Orc:2        Vaults (4/5) D:14
  Crypt (0/3) Vaults:2     Depths (5/5) D:15
    Zot: Depths:5

Altars:
Cheibriados
Dithmenos
Elyvilon
Fedhas
Hepliaklqana
Kikubaaqudgha
Makhleb
Nemelex Xobeh
Okawaru
Qazlal
Sif Muna
Trog
Xom
Yredelemnul
Zin
The Shining One
Beogh
Jiyva

Shops:
D:7 :   D:10 ?   D:11 ?:   D:12 (   Orc:2 *:%(*   Vaults:4 !   Depths:5 *([

Portals:
Hell: Depths:1 Depths:2 Depths:3 Depths:4
Abyss: Depths:4
Pandemonium: Depths:1 Depths:3 Depths:4 Depths:5
Ziggurat: Depths:1

Annotations:
Lair:5 1 runed door
Orc:2 8 exclusions
Depths:2 14 exclusions


Innate Abilities, Weirdness & Mutations

You have razor-sharp teeth.
You heal very quickly.
When hurt, damage is shared between your health and your magic reserves.
Your bite disrupts and absorbs the magic of your enemies.
Potions and wands cannot restore your health.
You are immune to rotting.
You have a pair of small horns on your head.
You are partially covered in large bone plates. (SH +4)
You have supernaturally acute eyesight. (SInv)
You passively map a small area around you.
You are weak. (Str -2)
Your spells are a little harder to cast, but a little more powerful.
Your movements are slightly less encumbered by armour. (ER -2)


Message History

The green very ugly thing completely misses you.
The purple ugly thing tail-slaps you but does no damage.
Evoke which item? (* to show all) (? for menu, Esc to quit)
Zapping:
a - a wand of teleportation (5/9)
Press: ? - help, Shift-Dir - straight line, f - you You feel strangely unstable.
This wand has 4 charges left.
The air elemental barely misses you.
You riposte.
You slice the air elemental!! You burn the air elemental.
You headbutt the air elemental. Your bite misses the air elemental.
The air elemental is severely damaged.
The air elemental hits you but does no damage.
The green very ugly thing barely misses you.
The air elemental hits you but does no damage.
The purple ugly thing tail-slaps you but does no damage.
The spriggan air mage points at you and mumbles some strange words.
The bolt of lightning hits the air elemental.
The air elemental completely resists.
The bolt of lightning hits you!
* * * LOW HITPOINT WARNING * * *
The bolt of lightning hits you!
You die...

#.............#....[....
#.............#....#....
,, *
#............######....
#..................... ,
, #.....................
, , ,
*#...$................ ,
, ##....#####......####
, , ##..##...#......#...
#.@Ei...#......#... ,,
,##uu....#......#... ,
,##.....#....#.#... * *
.#...#.....∩).## , *
.#...#....#.#... ,,, ,,
, .# '#######..... ,,,
.. ..#......⌠.⌠. , , ,
#. .#.......∩.. , ,
+.....#⌠=⌠.


You could see a green very ugly thing, a purple ugly thing, a spriggan air mage
and an air elemental.

Vanquished Creatures
  Jorgrun (Depths:3)
  A tentacled monstrosity (Depths:1)
  The ghost of eggzz the Acrobat, an adept DEFE of Vehumet (Depths:4)
  A deep elf blademaster (Depths:4)
  2 liches
  The ghost of Spawnferkel the Warrior, an adept MiGl of Okawaru (Spider:3)
  A deep elf master archer (Depths:4)
  2 titans
  3 krakens
  8 sphinxes
  Polyphemus (Shoals:2)
  7 tengu reavers
  A storm dragon (Depths:4)
  Kirke (Shoals:3)
  A shadow dragon (Depths:3)
  An azure jelly (shapeshifter) (Depths:4)
  A storm dragon (shapeshifter) (Depths:4)
  Ilsuiw (Shoals:4)
  7 fire giants
  An iron dragon (Depths:4)
  5 frost giants
  3 ghost moths (Spider:4)
  4 deep elf sorcerers
  Aizul (Shoals:3)
  7 vault wardens
  A ghoul (Vaults:3)
  5 emperor scorpions
  6 spriggan defenders
  6 ironheart preservers
  A reaper (IceCv)
  3 war gargoyles
  11 stone giants
  23 very ugly things
  2 entropy weavers
  An entropy weaver (shapeshifter) (Depths:4)
  A deep elf demonologist (Depths:2)
  A red draconian (Depths:5)
  A dire elephant (D:15)
  4 deep elf annihilators
  4 spark wasps (Depths:4)
  4 merfolk javelineers
  9 fire dragons
  11 ettins
  A crystal guardian (Depths:4)
  A deep elf death mage (Depths:1)
  13 merfolk impalers
  6 yaktaur captains
  9 ogre magi
  The ghost of Jovan the Carver, a journeyman HuFi of Hepliaklqana (Volcano)
  7 great orbs of eyes
  4 rakshasas
  An ice dragon (shapeshifter) (Depths:4)
  12 spriggan air magi
  7 ice dragons
  5 vault guards
  4 hydras
  2 catoblepae
  An anaconda (shapeshifter) (Depths:3)
  3 merfolk avatars
  4 merfolk aquamancers
  2 death knights (Vaults:3)
  14 centaur warriors
  A vampire mage (Depths:1)
  3 dancing weapons
  2 alligator snapping turtles
  3 tengu warriors
  3 deep troll earth magi
  A satyr (Shoals:2)
  4 deep troll shamans (Depths:3)
  11 death yaks
  2 orc high priests (Orc:2)
  7 spriggan berserkers
  A sun demon (Depths:5)
  7 deep elf knights
  A fire crab (shapeshifter) (Vaults:1)
  An iron troll (Depths:3)
  2 iron trolls (shapeshifter) (Depths:4)
  11 hell knights
  3 unseen horrors
  An infernal demonspawn (Depths:5)
  A glowing orange brain (Depths:1)
  6 skeletal warriors
  A deep troll (shapeshifter) (Depths:4)
  A kraken simulacrum (Shoals:4)
  A gelid demonspawn (Depths:5)
  3 flayed ghosts
  14 sea snakes
  5 hill giants
  5 deep trolls (Depths:3)
  3 wizards
  14 ironbrand convokers
  5 deep elf archers
  A hill giant (shapeshifter) (Vaults:4)
  An orange crystal statue (Shoals:4)
  5 necromancers
  A mana viper (Depths:4)
  An orb spider (Spider:3)
  33 wolf spiders
  15 deep elf magi
  29 harpies
  5 orc knights
  3 orc sorcerers (Orc:1)
  2 cyclopes (shapeshifter)
  19 fauns
  42 ugly things
  2 oklob plants (Shoals:2)
  6 cyclopes
  11 manticores
  2 moths of wrath
  A moth of wrath (shapeshifter) (Vaults:4)
  A fire giant skeleton (Vaults:4)
  3 centaur zombies
  An elephant (Lair:6)
  11 sirens
  6 black mambas
  A black mamba (shapeshifter) (Vaults:4)
  2 ice statues (IceCv)
  2 gargoyles
  A smoke demon (Depths:5)
  6 water nymphs
  7 vault sentinels
  7 spiny frogs
  A torpor snail (Spider:1)
  3 centaur skeletons
  A hellion (Depths:5)
  13 demonic crawlers
  4 komodo dragons
  37 yaktaurs
  4 freezing wraiths
  11 ice devils
  A meliai (shapeshifter) (Depths:4)
  A yaktaur zombie (Vaults:4)
  3 meliai (Spider:2)
  A jumping spider (shapeshifter) (Vaults:4)
  36 merfolk
  The ghost of dricus the Conjurer, a novice DECj (D:4)
  A two-headed ogre (shapeshifter) (Vaults:1)
  A queen bee (D:8)
  A polar bear (Lair:5)
  5 trolls
  4 wind drakes
  42 jumping spiders
  12 hornets
  A hippogriff (shapeshifter) (Vaults:1)
  21 two-headed ogres
  19 slime creatures
  Prince Ribbit (D:9)
  2 dream sheep (Shoals:2)
  A meliai zombie (D:13)
  5 snapping turtles
  30 blink frogs
  13 hippogriffs
  A human simulacrum (Vaults:4)
  A snapping turtle (shapeshifter) (Depths:1)
  An ettin skeleton (Vaults:4)
  A tarantella (shapeshifter) (Vaults:3)
  101 redbacks
  3 shadows
  5 spriggans
  6 water elementals
  45 tarantellas
  A wraith (Vaults:3)
  A vampire (D:15)
  A spriggan (shapeshifter) (Vaults:3)
  7 air elementals
  39 yaks
  Eustachio (D:4)
  8 wyverns
  A hog (shapeshifter) (Depths:2)
  2 hogs (Shoals:3)
  3 basilisks
  A golden eye (shapeshifter) (Vaults:4)
  A human (shapeshifter) (Vaults:4)
  4 hungry ghosts
  A mottled dragon (Vaults:2)
  9 wargs
  11 water moccasins
  10 porcupines
  2 floating eyes (shapeshifter)
  A hell hound (shapeshifter) (Depths:2)
  The ghost of efeel the Vexing, an amateur VSEn (D:5)
  25 orc warriors
  4 ice beasts
  A black bear (shapeshifter) (Vaults:1)
  A black bear (D:13)
  4 eyes of draining
  4 sky beasts
  42 ogres
  2 necrophages
  49 centaurs
  5 boggarts
  6 phantoms
  14 crocodiles
  A big kobold (D:8)
  12 bullfrogs
  An earth elemental (Volcano)
  A human skeleton (Vaults:4)
  A gnoll sergeant (D:10)
  A wyvern zombie (D:9)
  A water moccasin zombie (D:7)
  38 scorpions
  2 water moccasin skeletons
  8 wights
  29 killer bees
  A howler monkey (D:4)
  An electric eel (Lair:2)
  11 crimson imps
  A bullfrog zombie (D:5)
  8 hounds
  6 jellies
  32 orc priests
  2 bullfrog skeletons
  Crazy Yiuf (D:7)
  15 orc wizards
  An iron imp (Depths:5)
  Jessica (D:3)
  5 iguanas
  16 worker ants
  A hound skeleton (D:4)
  10 gnolls
  20 adders
  2 river rats (D:9)
  4 shadow imps
  21 white imps
  10 ufetubi
  An ooze (D:6)
  4 adder skeletons
  2 adder zombies
  4 worms (D:3)
  A dart slug (D:2)
  6 leopard geckos
  92 orcs
  6 giant cockroaches
  3 goblins
  10 hobgoblins
  25 jackals
  3 quokkas
  12 bats
  9 frilled lizards
  A jackal skeleton (D:6)
  13 kobolds
  20 rats
  A fungus (Lair:5)
  A plant (Shoals:2)
  17 tentacles
1801 creatures vanquished.

Vanquished Creatures (others)
  A very ugly thing (Depths:1)
  A vault guard (Vaults:3)
  A spriggan air mage (Depths:1)
  The ghost of sheala the Thaumaturge, a journeyman DECj of Sif Muna (D:12)
  2 death yaks (Lair:6)
  A catoblepas (Lair:6)
  A deep elf archer (Vaults:4)
  A harpy (Vaults:1)
  An orb spider (Spider:1)
  2 ugly things (Depths:1)
  A wizard (D:3)
  2 elephants (Lair:6)
  A spiny frog (Lair:4)
  A komodo dragon (Lair:6)
  3 spriggans (Depths:1)
  2 humans (Shoals:3)
  A sky beast (D:12)
  A slave (D:9)
  3 wolves (Lair:6)
  A gnoll sergeant (D:9)
  4 orc priests
  A worker ant (D:9)
  A gnoll (D:9)
  2 white imps (IceCv)
  2 ufetubi (IceCv)
  An orc (Orc:2)
  A fulminant prism (D:12)
  26 fungi
  45 plants
  62 tentacles
173 creatures vanquished.

Grand Total: 1974 creatures vanquished

Notes
Turn   | Place    | Note
-------+----------+-------------------------------------------
     0 | D:1      | Angani the Vine Stalker Assassin began the quest for the Orb.
     0 | D:1      | Reached XP level 1. HP: 11/11 MP: 2/2
   128 | D:1      | Reached XP level 2. HP: 10/15 MP: 3/3
   747 | D:1      | You fall through a shaft!
   760 | D:2      | Reached XP level 3. HP: 18/18 MP: 4/4
  1638 | D:2      | Gained mutation: Your natural rate of healing is unusually fast. [Vine Stalker growth]
  1638 | D:2      | Reached XP level 4. HP: 23/23 MP: 5/5
  2551 | D:3      | Reached XP level 5. HP: 26/26 MP: 6/6
  2570 | D:3      | Noticed Jessica
  2580 | D:3      | Killed Jessica
  2650 | D:3      | Reached skill level 5 in Short Blades
  2876 | D:3      | Reached skill level 1 in Dodging
  2900 | D:3      | Found a bloodstained altar of Trog.
  2901 | D:3      | Noticed a wizard
  2906 | D:3      | Killed a wizard
  3026 | D:4      | Reached skill level 1 in Armour
  3074 | D:4      | Reached XP level 6. HP: 30/30 MP: 7/7
  3185 | D:4      | Gained mutation: Your spells are a little harder to cast, but a little more powerful. [potion of mutation]
  3185 | D:4      | Gained mutation: You are weak. (Str -2) [potion of mutation]
  3185 | D:4      | Gained mutation: You passively map a small area around you. [potion of mutation]
  3250 | D:4      | Reached skill level 5 in Stealth
  3298 | D:4      | Reached XP level 7. HP: 34/34 MP: 8/8
  3329 | D:4      | Noticed Eustachio
  3353 | D:4      | Killed Eustachio
  3713 | D:4      | Noticed dricus's ghost (novice DECj)
  3783 | D:4      | HP: 1/34 [dricus's ghost/orb of energy (22)]
  3821 | D:4      | Killed dricus's ghost
  3821 | D:4      | Gained mutation: You have razor-sharp teeth. [Vine Stalker growth]
  3821 | D:4      | Reached XP level 8. HP: 5/38 MP: 6/9
  4153 | D:5      | Entered Level 5 of the Dungeon
  4153 | D:5      | Noticed efeel's ghost (amateur VSEn)
  4363 | D:5      | Reached skill level 10 in Stealth
  5058 | D:5      | Killed efeel's ghost
  5306 | D:6      | Reached XP level 9. HP: 37/42 MP: 10/10
  5348 | D:6      | Found a sparkling altar of Nemelex Xobeh.
  6012 | D:5      | Reached skill level 5 in Armour
  6225 | D:6      | Reached skill level 5 in Dodging
  6502 | D:7      | Found a staircase to the Ecumenical Temple.
  6532 | Temple   | Entered the Ecumenical Temple
  6630 | Temple   | Became a worshipper of Elyvilon the Healer
  6701 | D:7      | Reached skill level 1 in Invocations
  6796 | D:7      | Found Sakh's Book Boutique.
  6936 | D:7      | Found a glowing golden altar of the Shining One.
  6951 | D:7      | Noticed a komodo dragon
  7085 | D:7      | Found a runed door.
  7089 | D:7      | Noticed Crazy Yiuf
  7093 | D:7      | Killed Crazy Yiuf
  7167 | D:7      | Reached * piety under Elyvilon
  7480 | D:8      | Reached skill level 5 in Invocations
  7480 | D:8      | Reached XP level 10. HP: 46/46 MP: 14/14
  7746 | D:8      | Noticed a gargoyle
  7859 | D:8      | Reached ** piety under Elyvilon
  8379 | D:8      | Killed a gargoyle
  8624 | D:8      | Gained mutation: You have supernaturally acute eyesight. (SInv) [mutagenic meat]
  8625 | D:8      | Gained mutation: You are partially covered in large bone plates. (SH +4) [mutagenic meat]
  8626 | D:8      | Gained mutation: You have a pair of small horns on your head. [mutagenic meat]
  9047 | D:9      | Noticed Prince Ribbit
  9072 | D:9      | Killed Prince Ribbit
  9105 | D:9      | Noticed Psyche
  9146 | D:9      | Pacified Psyche
  9252 | D:9      | Reached skill level 10 in Invocations
  9377 | D:9      | Reached XP level 11. HP: 36/50 MP: 19/19
  9608 | D:9      | Found a staircase to the Lair.
  9823 | D:9      | Noticed Pikel
  9824 | D:9      | Pacified Pikel
  9824 | D:9      | Reached skill level 5 in Fighting
  9891 | D:10     | Entered Level 10 of the Dungeon
  9958 | D:10     | Found Wainotog's Magic Scroll Boutique.
  9992 | D:10     | Noticed an unseen horror
  9993 | D:10     | Reached *** piety under Elyvilon
 10049 | D:10     | Killed an unseen horror
 10247 | D:10     | Noticed a hill giant
 10260 | D:10     | Killed a hill giant
 10399 | D:10     | Noticed a hill giant
 10595 | D:9      | Paralysed by a hornet for 2 turns
 11075 | D:10     | Noticed a hill giant
 11113 | D:10     | Killed a hill giant
 11335 | D:10     | Reached **** piety under Elyvilon
 11645 | Lair:1   | Entered Level 1 of the Lair of Beasts
 11658 | Lair:1   | Gained mutation: You heal very quickly. [Vine Stalker growth]
 11658 | Lair:1   | Reached XP level 12. HP: 43/60 MP: 20/20
 12349 | Lair:2   | Reached skill level 10 in Short Blades
 12453 | Lair:2   | Noticed Fannar
 12461 | Lair:2   | Pacified Fannar
 12484 | Lair:2   | Noticed a five-headed hydra
 12498 | Lair:2   | Pacified a five-headed hydra
 12662 | Lair:2   | Found a hole to the Spider Nest.
 13182 | Lair:3   | Reached ***** piety under Elyvilon
 13201 | Lair:3   | Found a staircase to the Shoals.
 13343 | Lair:3   | You fall through a shaft for 2 floors!
 13364 | Lair:5   | Noticed a five-headed hydra
 13366 | Lair:5   | Pacified a five-headed hydra
 13461 | Lair:5   | Found a dark tunnel.
 13470 | Volcano  | Entered a volcano
 13470 | Volcano  | Noticed Jovan's ghost (journeyman HuFi)
 13479 | Volcano  | Killed Jovan's ghost
 13515 | Volcano  | Noticed a stone giant
 13750 | Volcano  | Got a warped hat
 13779 | Lair:5   | Identified the +2 hat of Kolepe {rF++ Dex-4} (You found it in a volcano)
 13854 | Lair:5   | Reached XP level 13. HP: 52/63 MP: 22/22
 14227 | D:10     | Bought a scroll of acquirement for 728 gold pieces
 15458 | Lair:5   | Found a runed door.
 15459 | Lair:5   | Found a viscous altar of Jiyva.
 15460 | Lair:5   | Found a staircase to the Slime Pits.
 15463 | Lair:5   | Noticed an acid blob
 15935 | Lair:6   | Entered Level 6 of the Lair of Beasts
 17309 | Lair:6   | Reached XP level 14. HP: 59/68 MP: 23/23
 17969 | Lair:6   | Reached skill level 10 in Armour
 18178 | D:11     | Reached skill level 10 in Dodging
 18277 | D:11     | Found Palucronk's Magic Scroll Shop.
 18330 | D:11     | Bought a scroll of enchant armour for 82 gold pieces
 18409 | D:11     | Found Evafudd's Book Shop.
 19018 | D:12     | Found a frozen archway.
 19099 | IceCv    | Entered an ice cave
 19201 | IceCv    | Reached skill level 1 in Long Blades
 19287 | IceCv    | These gloves, oh man
 19382 | IceCv    | Noticed a reaper
 19385 | IceCv    | Killed a reaper
 19724 | D:12     | Noticed sheala's ghost (journeyman DECj)
 19736 | D:12     | Killed sheala's ghost
 19736 | D:12     | Reached skill level 5 in Long Blades
 19795 | D:12     | Found Vuqugrei's Weapon Boutique.
 19795 | D:12     | Found a staircase to the Orcish Mines.
 20195 | Orc:1    | Entered Level 1 of the Orcish Mines
 20711 | Orc:2    | Entered Level 2 of the Orcish Mines
 20745 | Orc:2    | Reached XP level 15. HP: 75/75 MP: 24/24
 20821 | Orc:1    | Found a burning altar of Makhleb.
 20990 | Orc:2    | Found a staircase to the Elven Halls.
 21140 | Orc:2    | Found Inurony's Assorted Antiques.
 21152 | Orc:2    | Bought a scroll of enchant weapon for 240 gold pieces
 21371 | Orc:2    | Found a roughly hewn altar of Beogh.
 21392 | Orc:2    | Found Yteq's Weapon Emporium.
 21392 | Orc:2    | Found Mylan's Assorted Antiques.
 21402 | Orc:2    | Bought a scroll of enchant weapon for 195 gold pieces
 21450 | Orc:2    | Found Voorie's Book Emporium.
 21488 | Orc:2    | Found Ujur's Food Shop.
 22427 | D:13     | Found a sparkling altar of Nemelex Xobeh.
 22784 | D:13     | Reached skill level 10 in Long Blades
 23376 | D:14     | Found a blossoming altar of Fedhas.
 23463 | D:14     | Found a gate to the Vaults.
 23586 | D:15     | Entered Level 15 of the Dungeon
 23930 | D:15     | Got a pitted granite ring
 23931 | D:15     | Identified the ring of Cemoy {+Inv +Fly Str+4} (You acquired it on level 15 of the Dungeon)
 24053 | D:15     | Found a staircase to the Depths.
 24276 | D:15     | Reached ****** piety under Elyvilon
 24689 | Spider:1 | Entered Level 1 of the Spider Nest
 25028 | Spider:1 | Reached XP level 16. HP: 48/80 MP: 23/25
 25549 | Spider:1 | Identified the Reference Book on Scorching Weightlessness
 26713 | Spider:2 | HP: 1/84 [meliai/divine providence (15)]
 26929 | Shoals:1 | Entered Level 1 of the Shoals
 27061 | Shoals:1 | Reached skill level 10 in Fighting
 27801 | Spider:2 | Reached XP level 17. HP: 74/89 MP: 27/27
 28120 | Spider:3 | Noticed Spawnferkel's ghost (adept MiGl)
 28150 | Spider:3 | Killed Spawnferkel's ghost
 29341 | Spider:4 | Entered Level 4 of the Spider Nest
 30388 | Spider:4 | Reached skill level 15 in Invocations
 30497 | Spider:4 | Got a gossamer rune of Zot
 31239 | Shoals:2 | Noticed a kraken
 31401 | Shoals:2 | Noticed a kraken
 31425 | Shoals:2 | Killed a kraken
 31425 | Shoals:2 | Reached XP level 18. HP: 76/94 MP: 26/30
 32530 | Shoals:2 | Noticed Polyphemus
 32544 | Shoals:2 | Killed Polyphemus
 32787 | Shoals:3 | Noticed Aizul
 32797 | Shoals:3 | Killed Aizul
 33055 | Shoals:3 | Noticed Kirke
 33209 | Shoals:3 | Killed Kirke
 33277 | Shoals:4 | Entered Level 4 of the Shoals
 33279 | Shoals:4 | Noticed Ilsuiw
 33393 | Shoals:4 | Found a gateway to a bazaar.
 33405 | Bazaar   | Entered a bazaar
 33414 | Bazaar   | Found Wiumentuh's Assorted Antiques.
 33427 | Bazaar   | Bought a slimy golden ring for 75 gold pieces
 33427 | Bazaar   | Bought a scroll labeled TEENUI FUDENOQU for 15 gold pieces
 33448 | Bazaar   | Found Abuvvur's Book Emporium.
 33456 | Bazaar   | Found Widemu's Antique Armour Emporium.
 33461 | Bazaar   | Found Afuzaf's Magic Scroll Boutique.
 33471 | Bazaar   | Bought a scroll of identify for 16 gold pieces
 33471 | Bazaar   | Bought a scroll of identify for 16 gold pieces
 33471 | Bazaar   | Bought a scroll of silence for 60 gold pieces
 33471 | Bazaar   | Bought 3 scrolls of enchant weapon for 180 gold pieces
 33502 | Bazaar   | Identified the ring of Xatomp {+Blink Dex+7 SInv Stlth-} (You bought it in a shop in a bazaar)
 33552 | Bazaar   | Bought a scroll of fear for 52 gold pieces
 34052 | Shoals:4 | Reached skill level 15 in Long Blades
 34495 | Shoals:4 | Killed Ilsuiw
 34800 | Shoals:4 | Reached XP level 19. HP: 46/100 MP: 19/31
 34998 | Shoals:4 | Identified Sif Muna's Compendium of Helpful Dislocation
 35173 | Shoals:4 | Got a barnacled rune of Zot
 35474 | Vaults:1 | Entered Level 1 of the Vaults
 37401 | Vaults:2 | Found a staircase to the Crypt.
 37401 | Vaults:2 | Found a basalt altar of Yredelemnul.
 37402 | Vaults:2 | Found an ancient bone altar of Kikubaaqudgha.
 38654 | Vaults:3 | Reached XP level 20. HP: 112/112 MP: 32/32
 38666 | Vaults:3 | Reached skill level 15 in Fighting
 40963 | Vaults:4 | Got a slimy fustibalus
 40965 | Vaults:4 | Identified the +3 fustibalus "Kioxuot" {flame, Dex+5} (You found it on level 4 of the Vaults)
 41133 | Vaults:4 | Found Taklaet's Distillery.
 41230 | Vaults:4 | Bought a potion of haste for 160 gold pieces
 41230 | Vaults:4 | Bought a potion of might for 64 gold pieces
 41230 | Vaults:4 | Bought a potion of agility for 64 gold pieces
 41311 | Vaults:4 | Reached XP level 21. HP: 117/117 MP: 34/34
 41795 | Depths:1 | Entered Level 1 of the Depths
 42010 | Depths:1 | Found a gateway to a ziggurat.
 42025 | Depths:1 | Found a one-way gate leading to the halls of Pandemonium.
 42025 | Depths:1 | Noticed the Enchantress
 42034 | Depths:1 | Pacified the Enchantress
 42159 | Depths:1 | Found a snail-covered altar of Cheibriados.
 42265 | Depths:1 | Found a gateway to Hell.
 43288 | Depths:2 | Found a runed door.
 44208 | Depths:2 | Got a heavy robe
 44211 | Depths:2 | Identified the cursed +1 robe "Dooneet" {Regen+ Int+2} (You found it on level 2 of the Depths)
 44571 | Depths:2 | Reached XP level 22. HP: 122/122 MP: 35/35
 44632 | Depths:2 | Gained mutation: Your movements are slightly less encumbered by armour. (ER -2) [potion of beneficial mutation]
 45205 | Depths:3 | Got a smoking bronze ring
 45206 | Depths:3 | Identified the ring "Vikkuiv" {+Blink EV+5} (You acquired it on level 3 of the Depths)
 45555 | Depths:3 | Noticed Jorgrun
 45560 | Depths:3 | Killed Jorgrun
 45599 | Depths:3 | Reached skill level 1 in Evocations
 45805 | Depths:3 | Reached skill level 5 in Evocations
 47002 | Depths:4 | Noticed eggzz's ghost (adept DEFE)
 47028 | Depths:4 | Killed eggzz's ghost
 47081 | Depths:4 | Found a one-way gate to the infinite horrors of the Abyss.
 47103 | Depths:4 | Reached XP level 23. HP: 126/126 MP: 36/36
 47293 | Depths:4 | Reached skill level 10 in Evocations
 47566 | Depths:4 | Got a spiked cloak
 47577 | Depths:4 | Identified the +0 cloak "Vowa" {rF++ Int+4 Dex-3} (You found it on level 4 of the Depths)
 47960 | Depths:5 | Entered Level 5 of the Depths
 47996 | Depths:5 | Found Toathaix's Armour Emporium.
 48000 | Depths:5 | Bought a +2 pair of boots of running for 498 gold pieces
 48023 | Depths:5 | Found Qygrat's Assorted Antiques.
 48027 | Depths:5 | Found Zigato's Weapon Shop.
 48054 | Depths:5 | Bought a scroll of identify for 72 gold pieces
 48349 | Depths:5 | Killed from afar by a spriggan air mage

Skill      XL: |  1  2  3  4  5  6  7  8  9 10 11 12 13 14 15 16 17 18 19 20 21 22 23 |
---------------+----------------------------------------------------------------------+-----
Short Blades   | 2 3 4 5 8 10 | 10.1
Dodging        | 1 2 4 5 6 9 10 11 14 | 14.0
Armour         | 1 2 4 5 6 9 10 11 12 14 | 14.1
Stealth        | 5 9 10 11 | 11.0
Invocations    | 5 10 11 13 15 17 | 17.1
Fighting       | 5 7 10 11 14 15 16 | 16.2
Long Blades    | 7 11 12 15 16 17 | 17.0
Evocations     | 9 10 | 10.0
Throwing       | |  1.7

Action                   |  1- 3 |  4- 6 |  7- 9 | 10-12 | 13-15 | 16-18 | 19-21 | 22-24 || total
-------------------------+-------+-------+-------+-------+-------+-------+-------+-------++-------
Melee: Dagger            |   116 |   205 |   560 |  1086 |   814 |       |       |       ||  2781
       Bite              |    18 |    61 |   200 |   482 |   621 |   555 |   527 |   237 ||  2701
       Headbutt          |       |       |       |   272 |   460 |   352 |   348 |   159 ||  1591
       Rapier            |       |       |       |       |    92 |       |       |       ||    92
       Triple sword      |       |       |       |       |   595 |  1288 |  1155 |   520 ||  3558
Invok: Heal Other        |       |       |       |    24 |    34 |    16 |     1 |       ||    75
       Lesser Healing    |       |       |       |     2 |     1 |       |       |       ||     3
       Greater Healing   |       |       |       |     2 |     8 |    19 |     2 |     1 ||    32
       Purification      |       |       |       |       |     2 |     8 |       |     1 ||    11
Evoke: Wand              |       |       |       |     9 |       |    32 |     2 |     1 ||    44
  Use: Scroll            |     5 |     7 |     9 |    12 |    28 |    19 |    11 |     6 ||    97
       Potion            |       |     4 |     2 |     1 |     2 |     1 |       |     1 ||    11
 Stab: Sleeping          |     7 |     1 |    12 |    14 |    46 |       |       |       ||    80
       Distracted        |       |       |       |     5 |     2 |       |       |     1 ||     8
       Confused          |       |       |       |       |       |     1 |       |       ||     1
       Fleeing           |       |       |       |       |       |     1 |       |       ||     1
  Eat: Chunk             |     2 |     6 |     6 |    19 |    38 |     4 |    12 |     4 ||    91
       Fruit             |       |       |     5 |     3 |       |     3 |     2 |     3 ||    16
       Pizza             |       |       |     1 |     2 |     1 |     1 |       |       ||     5
       Beef jerky        |       |       |     1 |     3 |     2 |     3 |     1 |       ||    10
       Royal jelly       |       |       |       |     4 |     4 |       |       |       ||     8
       Bread ration      |       |       |       |       |     1 |     9 |     3 |     1 ||    14
       Meat ration       |       |       |       |       |       |       |     1 |     1 ||     2
Armor: Robe              |     4 |       |       |       |   202 |       |       |       ||   206
       Leather armour    |    26 |       |       |       |       |       |       |       ||    26
       Scale mail        |       |    82 |   167 |   303 |   145 |       |       |       ||   697
       Skin              |       |       |    29 |       |       |       |       |       ||    29
       Crystal plate arm |       |       |       |       |   145 |  2593 |  1085 |   454 ||  4277
Dodge: Dodged            |    52 |    97 |   251 |   463 |  1069 |   829 |   405 |   329 ||  3495
Block: Other             |       |       |       |    84 |   256 |   415 |   192 |    90 ||  1037
       Rpst.: Triple sword |       |       |       |       |   157 |   161 |    93 |    58 ||   469
